[Event "Lliga Catalana DH 2023"]
[Site "Catalonia"]
[Date "2023.03.25"]
[Round "10.1"]
[White "Gozzoli, Yannick"]
[Black "Gines Esteo, Pedro Antonio"]
[Result "0-1"]
[ECO "E10"]
[WhiteElo "2584"]
[BlackElo "2505"]
[Annotator "TA"]
[PlyCount "98"]
[EventDate "2023.01.24"]
[EventType "team-tourn"]
[EventCountry "ESP"]
[SourceTitle "playchess.com"]
[Source "ChessBase"]
[SourceQuality "1"]
[TimeControl "40/5400+30:1800+30"]

1. d4 Nf6 2. c4 e6 3. Nf3 a6 4. Bg5 h6 5. Bxf6 Qxf6 6. Nc3 {E10: Blumenfeld Gambit.} g6 7. g3 Bg7 8. Bg2 {The position is equal.} O-O 9. O-O d6 10. Qb3 {[#]} Qe7 $146 ({Predecessor:} 10... Nd7 11. Rad1 Rb8 12. Qa3 e5 13. Nd5 Qd8 14. dxe5 Nxe5 15. Nxe5 Bxe5 16. c5 dxc5 17. Qxc5 {1-0 Gurevich,M (2510)-Ricardi,P (2520) Havana-B 1986}) 11. Rfd1 Nd7 12. Rac1 Rb8 13. e3 c5 14. a4 b6 15. Qa3 Bb7 16. Ne1 Rfc8 17. b3 Nf6 18. Bxb7 Qxb7 19. d5 e5 20. e4 h5 21. Rb1 Qd7 22. Kg2 h4 23. Qc1 h3+ 24. Kg1 Ng4 25. Qc2 f5 26. Qe2 Bh6 27. Nc2 Rf8 28. f3 Nf6 29. Rf1 Rf7 30. Rf2 (30. b4 $14) 30... Rbf8 $11 31. Rbf1 f4 32. Kh1 $2 {[%mdl 8192] This move loses the game for White.} (32. gxf4 $1 $11 Bxf4 33. Kh1) 32... fxg3 $1 $19 {Black is clearly winning.} 33. hxg3 {[#]} Nh5 $1 34. Rg1 {[#]} h2 $1 {[%mdl 64] Deflection} 35. Rxh2 (35. Rgg2 $142 Qh3 36. Ne1) 35... Rxf3 36. g4 {White is weak on the dark squares} Ng3+ (36... Rxc3 $2 37. gxh5 Bf4 38. Rxg6+ Kh8 39. Qg2 Rxb3 40. Ne1 $19) 37. Rxg3 Rxg3 38. Rxh6 Qg7 39. g5 Rxc3 40. Ne3 Qf7 41. Ng4 Rf3 ({Don't do} 41... Rxb3 42. Nf6+ $18) ({Weaker is} 41... Rc1+ 42. Kg2 Rf1 43. Rh3 $17) 42. Rh4 (42. Nf6+ $142 Rxf6 43. gxf6 Qxf6 44. Qh2 (44. Qg4 $2 Kg7 $19)) 42... Rf1+ ({Not} 42... Rxb3 43. Nh6+ Kg7 44. Nxf7 $18) 43. Kg2 {Nh6+ would be deadly.} Kg7 {...Qf4 is the strong threat.} 44. Nf6 Rxf6 $1 45. gxf6+ Qxf6 46. Rg4 a5 47. Rg3 Qh4 {Threatens to win with ...Rh8.} 48. Rh3 Qf4 49. Rg3 Rh8 {Weighted Error Value: White=0.47/Black=0.36} 0-1

[Event "Lliga Catalana DH 2023"]
[Site "Catalonia"]
[Date "2023.03.25"]
[Round "10.1"]
[White "Dvirnyy, Danyyil"]
[Black "Dardha, Daniel"]
[Result "0-1"]
[ECO "D35"]
[WhiteElo "2531"]
[BlackElo "2610"]
[Annotator "TA"]
[PlyCount "62"]
[EventDate "2023.01.24"]
[EventType "team-tourn"]
[EventCountry "ESP"]
[SourceTitle "playchess.com"]
[Source "ChessBase"]
[SourceQuality "1"]
[TimeControl "40/5400+30:1800+30"]

1. d4 Nf6 2. c4 e6 3. Nf3 d5 4. Nc3 Nbd7 5. Bf4 Bb4 6. cxd5 exd5 7. Rc1 {[%emt 0:01:03] D35: Queen's Gambit Declined: Exchange Variation.} c5 8. dxc5 {[%emt 0:04:55] [#]} O-O $146 ({Predecessor:} 8... Nxc5 9. Qd4 Qe7 10. Bg5 Ne6 11. Bxf6 Nxd4 12. Bxe7 Nxf3+ 13. gxf3 Kxe7 14. a3 Bxc3+ 15. Rxc3 {½-½ Lputian,S (2565)-Plachetka,J (2425) Cappelle op 07th 1991 (6)}) 9. g3 {[%emt 0:10:16] The position is equal.} Nxc5 10. Bg2 Bxc3+ 11. Rxc3 Nce4 12. Ra3 Bf5 13. O-O Qd7 14. Qa4 b5 15. Qd4 Rfc8 16. Ne5 Qe7 17. Rc1 (17. f3 $5 Nd6 18. g4 $16) 17... Rxc1+ 18. Bxc1 b4 19. Rf3 (19. Bxe4 $11 Bxe4 20. Ra6) 19... Rc8 $15 20. Bf4 Rc2 21. h3 h5 22. Nd3 Qe6 (22... Be6 {simplifies} 23. Be5 Rxe2 24. Qxb4 Qxb4 25. Nxb4 a5) 23. Be3 (23. Nxb4 $2 Rc4 24. Qe5 Rxb4 $19) (23. Re3 {simplifies} Qb6 24. Be5 Qxd4 25. Bxd4 a5 26. Nf4) 23... Rxe2 (23... Bxh3 $2 24. Nf4 (24. Nxb4 $2 Rc4 $19) 24... Qb6 25. Bxh3 $18 (25. Nxh3 Rc1+ 26. Bf1 Qxd4 $16)) 24. Qxb4 {[%emt 0:01:44] Nf4 would be deadly.} (24. Nf4 {with more complications.} Re1+ 25. Kh2 Qd7 26. Qxb4 Rb1 27. Bd4) 24... Rc2 (24... Bxh3 $2 25. Nf4 (25. Bxa7 $2 Bxg2 26. Kxg2 h4 $19) 25... Qd6 26. Qxd6 Re1+ 27. Kh2 Nxd6 28. Bxh3 $18 (28. Kxh3 g5 $18)) 25. Nf4 (25. Bxa7 $2 Bxh3 26. Be3 Bxg2 27. Kxg2 h4 $19) (25. Qb8+ {simplifies} Qc8 26. Bxa7 Qxb8 27. Bxb8 Bh7 28. Re3) 25... Qc8 {[%emt 0:02:41] [#] Strongly threatening ...Ng5.} 26. Qd4 (26. Bxa7 $11 {was the only way to keep the balance.} g5 27. Nd3) 26... Ng5 $17 {[%emt 0:02:03][%csl LRf3,LRh3] Black is more active.} 27. Nxh5 $2 {[%emt 0:02:14][%mdl 8192] White is weak on the light squares. Now White is beyond hope.} Nxf3+ $19 28. Bxf3 Nxh5 ({Weaker is} 28... Bxh3 29. Nxf6+ (29. Qxa7 $2 Nxh5 30. Bxh5 Qf5 $19) 29... gxf6 30. Qxf6 $16) 29. Bxh5 {[%emt 0:00:04] [#]} Be4 $1 ({And not} 29... Bxh3 30. Bd1 $17) 30. Kh2 Qc4 {[%emt 0:03:12] ( -> ...Qf1)} 31. Qxc4 dxc4 {[%emt 0:00:35] Weighted Error Value: White=0.40/Black=0.08 (flawless)} ({Stronger than} 31... Rxc4 32. Bd1 $17) 0-1

[Event "Lliga Catalana DH 2023"]
[Site "Catalonia"]
[Date "2023.03.25"]
[Round "10.2"]
[White "Van Foreest, Lucas"]
[Black "Alsina Leal, Daniel"]
[Result "1/2-1/2"]
[ECO "A14"]
[WhiteElo "2570"]
[BlackElo "2520"]
[Annotator "TA"]
[PlyCount "119"]
[EventDate "2023.01.24"]
[EventType "team-tourn"]
[EventCountry "ESP"]
[SourceTitle "playchess.com"]
[Source "ChessBase"]
[SourceQuality "1"]
[TimeControl "40/5400+30:1800+30"]

1. c4 e6 2. g3 d5 3. Bg2 Nf6 4. Nf3 Be7 5. O-O O-O 6. b3 d4 7. e3 c5 {[%emt 0:00:29] A14: English Opening: 1...e6 with b3 by White.} 8. Ne5 {[%emt 0:00:12] Inhibits Nc6.} Qc7 9. f4 Nbd7 10. Nd3 {[%emt 0:02:41] [#]} Rb8 $146 ({Predecessor:} 10... e5 11. Na3 a6 12. Bb2 Bd6 13. g4 exf4 14. g5 Ne8 15. Nxf4 dxe3 16. dxe3 Be5 {0-1 Ding,L (2811)-Giri,A (2764) Tata Steel-A 85th 2023 (9)}) 11. Na3 a6 12. e4 (12. Bb2 $14) 12... b6 (12... e5 $15) 13. Nf2 (13. e5 $5 Ne8 $8 14. Nc2 $11) 13... Bb7 14. d3 Bc6 ({Better is} 14... e5 $15) 15. Bd2 ({White should try} 15. e5 $1 $11) 15... b5 16. e5 Ne8 17. Bxc6 Qxc6 18. Ne4 f5 $36 {[%emt 0:04:52][%mdl 2048] White is under pressure.} 19. exf6 Nexf6 20. Nxf6+ ({But not} 20. cxb5 axb5 21. Nxf6+ Bxf6 $17) 20... Bxf6 21. Qe2 e5 (21... b4 $5 22. Nc2 e5 $15) 22. Rae1 Rbe8 {[%emt 0:03:19] [#] Hoping for ...exf4.} (22... Rfe8 {feels hotter.} 23. Qh5 g6 24. Qh3 exf4 25. Bxf4 Be5) 23. Qg2 Qxg2+ 24. Kxg2 b4 25. Nc2 exf4 26. Bxf4 Be5 27. Bd2 h5 28. Rxf8+ Rxf8 29. Re2 Rf5 30. Ne1 Kf7 31. Nf3 Bf6 32. Rf2 Ke6 33. Re2+ Kf7 34. h3 {[%emt 0:00:24] [#] Black must now prevent g4.} Ne5 35. Nxe5+ Rxe5 36. Rxe5 Bxe5 $11 {[%emt 0:00:01][%mdl 4096] Endgame KB-KB} 37. Kf3 Ke6 38. g4 hxg4+ 39. Kxg4 g6 40. Bh6 (40. Kg5 $5 Kf7 $8 41. Kg4 $11) 40... Bd6 {[%emt 0:00:25] Repels Bf8} 41. Bc1 Bc7 42. a3 (42. Kg5 $5 Kf7 $8 43. a3 $11) 42... bxa3 43. Bxa3 Bd6 44. Bc1 (44. Kg5 $5 Kf7 $8 45. Bc1 $11) 44... Kf6 45. Bd2 Ke6 46. Kg5 Kf7 47. Be1 Kg7 48. Ba5 Kf7 49. Bb6 Be7+ 50. Kf4 {[%emt 0:00:06] Strongly threatening Ke5.} Bd6+ 51. Ke4 {[%emt 0:00:06] Kd5 would be deadly.} Ke6 {[%emt 0:00:07] The position is equal.} 52. Bd8 Bf8 53. Bg5 Bd6 54. Bh6 Be7 55. Bg7 Bd6 56. Bh6 Be7 57. Bd2 Bf8 58. Bc1 Be7 59. Bf4 Bf8 60. Bd2 {[%emt 0:00:15] Weighted Error Value: White=0.11 (very precise) /Black=0.10 (very precise)} 1/2-1/2

[Event "Lliga Catalana DH 2023"]
[Site "Catalonia"]
[Date "2023.03.25"]
[Round "10.2"]
[White "Aloma Vidal, Robert"]
[Black "Edouard, Romain"]
[Result "1/2-1/2"]
[ECO "D77"]
[WhiteElo "2446"]
[BlackElo "2532"]
[Annotator "TA"]
[PlyCount "22"]
[EventDate "2023.01.24"]
[EventType "team-tourn"]
[EventCountry "ESP"]
[SourceTitle "playchess.com"]
[Source "ChessBase"]
[SourceQuality "1"]
[TimeControl "40/5400+30:1800+30"]

1. Nf3 d5 2. g3 g6 3. Bg2 Bg7 4. d4 Nf6 5. O-O O-O 6. c4 dxc4 7. Na3 Na6 8. Nxc4 c5 9. dxc5 Be6 10. Nce5 Nxc5 11. Be3 {[#] D77: Fianchetto Grünfeld: 6 0-0: Replies other than 6...c6.} Nce4 $146 {A rather calm draw.} ({Predecessor:} 11... Rc8 12. Rc1 Qxd1 13. Rfxd1 Na4 14. Bd4 Ne4 15. Ne1 f5 16. Bxe4 fxe4 17. b3 Rfd8 18. Rxc8 Bxc8 {0-1 Ibarra Jerez,J (2564)-Michalik,P (2556) Olympiad-43 Batumi 2018 (10.4)}) 1/2-1/2

[Event "Lliga Catalana DH 2023"]
[Site "Catalonia"]
[Date "2023.03.25"]
[Round "10.3"]
[White "Peralta, Fernando"]
[Black "Ayats Llobera, Gerard"]
[Result "1/2-1/2"]
[ECO "D88"]
[WhiteElo "2596"]
[BlackElo "2449"]
[Annotator "TA"]
[PlyCount "46"]
[EventDate "2023.01.24"]
[EventType "team-tourn"]
[EventCountry "ESP"]
[SourceTitle "playchess.com"]
[Source "ChessBase"]
[SourceQuality "1"]
[TimeControl "40/5400+30:1800+30"]

1. d4 Nf6 2. c4 g6 3. Nc3 d5 4. cxd5 Nxd5 5. e4 Nxc3 6. bxc3 Bg7 7. Bc4 O-O 8. Ne2 c5 9. O-O Nc6 10. Be3 b6 11. Qd2 Bb7 12. Rad1 cxd4 13. cxd4 Rc8 {[%cal Oc6d4] D88: Exchange Grünfeld: Classical Line: 10 Be3 cxd4 11 cxd4.} 14. Bb5 {[#]} e6 $146 ({Predecessor:} 14... Na5 15. f3 Nc4 16. Bxc4 Rxc4 17. Rc1 Ba6 18. Rxc4 Bxc4 19. Rd1 Qd6 20. Nc1 Qa3 {½-½ Rut,V (2134)-Postupa,P (2226) CZE-chT1W 1819 2018 (10.7)}) 15. d5 exd5 16. exd5 Ne5 17. d6 {White wants to play d7.} a6 18. d7 Ra8 19. f4 Ng4 (19... axb5 20. fxe5 Bxe5 21. Bg5 $16) 20. Bc4 (20. Ba4 $1 $11) 20... Qf6 $15 {White should prevent ...Rad8.} (20... Qh4 21. h3 (21. Bxb6 $2 Qxh2#) 21... Nxe3 22. Qxe3 $16) 21. Rc1 (21. Nd4 $1 $11) 21... Rad8 {[#] Strongly threatening ...Qe7.} (21... Qh4 22. h3 (22. Bxb6 $2 Qxh2#) 22... Nxe3 23. Qxe3 $16) 22. Rfd1 (22. Bf2 Nxf2 23. Rxf2 Qe7 $17) 22... Nxe3 ({Don't take} 22... Qh4 23. h3 (23. Bxb6 Qxh2+ 24. Kf1 Bxg2+ 25. Ke1 Qh4+) 23... Nf6 24. Bxb6 (24. Bf2 Qh5 $14) 24... Rxd7 25. Qa5 $11) (22... Be4 $15) 23. Qxe3 $11 Kh8 {Weighted Error Value: White=0.21 (precise) /Black=0.10 (very precise)} 1/2-1/2

[Event "Lliga Catalana DH 2023"]
[Site "Catalonia"]
[Date "2023.03.25"]
[Round "10.3"]
[White "Cuartas, Jaime Alexander"]
[Black "Magem Badals, Jordi"]
[Result "1/2-1/2"]
[ECO "D06"]
[WhiteElo "2526"]
[BlackElo "2510"]
[Annotator "TA"]
[PlyCount "73"]
[EventDate "2023.01.24"]
[EventType "team-tourn"]
[EventCountry "ESP"]
[SourceTitle "playchess.com"]
[Source "ChessBase"]
[SourceQuality "1"]
[TimeControl "40/5400+30:1800+30"]

1. d4 d5 2. Nf3 c5 3. c4 cxd4 4. cxd5 Nf6 5. Qxd4 Qxd5 6. Nc3 Qxd4 7. Nxd4 a6 8. g3 e5 9. Nc2 {[%emt 0:00:04] D06: Queen's Gambit: Symmetrical and Baltic Defences.} Bd7 10. Bg2 Bc6 11. O-O {[%emt 0:01:39] White is slightly better.} Bxg2 12. Kxg2 h6 13. Rd1 Nc6 14. Be3 Be7 15. Bb6 {[%emt 0:02:26] [#]} Bd8 $146 ({Predecessor:} 15... O-O 16. Ne3 Bd8 17. Nc4 Bxb6 18. Nxb6 Rad8 19. Ncd5 Nxd5 20. Nxd5 f5 21. e3 Kf7 {0-1 Daamen,F (2061)-Farkas,R (1918) Budapest FS08 FM-B 2010 (7)}) 16. Bc5 Be7 17. Bxe7 Kxe7 18. Ne3 {[%emt 0:00:08] Threatening Nf5+.} Rhd8 19. Nf5+ Kf8 {[%emt 0:00:11] The position is equal.} 20. Nd6 Rd7 21. Nde4 {[%emt 0:04:29] aiming for Nxf6.} Rxd1 22. Rxd1 {[%emt 0:00:08] Nxf6 is the strong threat.} Nxe4 23. Nxe4 $11 {[%emt 0:00:06][%mdl 4096] Endgame KRN-KRN} Rd8 24. Rc1 Rd5 25. Nc5 Nd8 26. Rc2 a5 27. a3 Ke7 28. h4 Ne6 29. Ne4 ({Don't play} 29. Nxb7 Rb5 30. Nxa5 Rxa5 $17) 29... f5 30. Nc3 Rd7 31. e4 Nd4 32. Rd2 g6 33. f3 Ke6 34. Kf2 Rf7 35. Kg2 Rd7 36. Kf2 Rf7 37. Kg2 {[%emt 0:00:12] Weighted Error Value: White=0.03 (flawless) /Black=0.03 (flawless)} 1/2-1/2

[Event "Lliga Catalana DH 2023"]
[Site "Catalonia"]
[Date "2023.03.25"]
[Round "10.4"]
[White "Diaz Camallonga, Carles"]
[Black "Asis Gargatagli, Hipolito"]
[Result "0-1"]
[ECO "C77"]
[WhiteElo "2472"]
[BlackElo "2501"]
[Annotator "TA"]
[PlyCount "88"]
[EventDate "2023.01.24"]
[EventType "team-tourn"]
[EventCountry "ESP"]
[SourceTitle "playchess.com"]
[Source "ChessBase"]
[SourceQuality "1"]
[TimeControl "40/5400+30:1800+30"]

1. e4 e5 2. Nf3 Nc6 3. Bb5 a6 4. Ba4 Nf6 5. d3 Bc5 6. Bxc6 dxc6 7. Nbd2 {[%emt 0:01:38] C77: Ruy Lopez: 3...a6 4 Ba4 Nf6, unusual lines.} Ng4 8. O-O Qe7 9. Nc4 {[%emt 0:03:49] White is slightly better.} f6 10. a3 Be6 11. b4 Ba7 {[%emt 0:01:15] [#]} 12. Qe1 $146 ({Predecessor:} 12. Qe2 g5 13. Rb1 h5 14. a4 Qd7 15. Nfd2 h4 16. Nb3 h3 17. g3 Nh6 18. Be3 Bxe3 19. Nxe3 {0-1 Bologan,V (2672)-Grischuk,A (2779) Wch Rapid Khanty-Mansiysk 2013 (6)}) 12... g5 13. Na5 O-O-O 14. a4 Qd7 15. Bd2 (15. Nd2 {looks sharper.} Bd4 16. Ra3 h5 17. Ndb3) 15... b6 (15... Kb8 $15) 16. Nc4 $11 Kb7 17. Bc3 Qf7 18. Ne3 (18. Qe2 $14 {was preferrable.}) 18... b5 19. axb5 axb5 20. Nxg4 Bxg4 21. Nd2 Be6 {[%emt 0:03:24] Against Nb3} 22. Qc1 Bb6 23. Qa3 {[%emt 0:00:45] [#] White threatens Qa6+ and mate.} Ra8 {[%emt 0:00:15] Against Qa6+. Active counter play!} 24. Qb2 Qd7 25. Rxa8 Rxa8 26. Ra1 {[%emt 0:00:19] Prevents Ra2} Rxa1+ 27. Qxa1 h5 28. Qd1 (28. h3 $11 {might be stronger.}) 28... g4 29. Nf1 h4 30. Bd2 Qd4 31. Be1 (31. Ne3 $11 {remains equal.}) 31... f5 $17 32. exf5 Bxf5 33. Qe2 {[%emt 0:00:04] White is weak on the light squares} Qa1 (33... e4 $17 34. dxe4 Qxe4 35. Qxe4 Bxe4) 34. Ne3 $15 Be6 35. Qd1 Qd4 36. c3 Qd7 37. Qe2 Qg7 ({Black should try} 37... h3 $17) 38. c4 $11 Bxe3 39. fxe3 bxc4 40. dxc4 {[%emt 0:00:04] KQB-KQB} h3 41. Bc3 Qg6 (41... Qg8 $17 42. Bxe5 Bxc4) 42. Bxe5 (42. e4 $15) 42... Qb1+ $19 43. Kf2 $2 {[%emt 0:00:28] [#]} (43. Qf1 $17 Qe4 44. Bg3) 43... hxg2 (43... Qxb4 44. Qb2 c5 45. Kg3 $15) 44. Kxg2 Qe4+ {[%emt 0:00:03] Weighted Error Value: White=0.30/Black=0.13 (very precise)} ({Weaker is} 44... Qxb4 45. Kg3 $11) 0-1

[Event "Lliga Catalana DH 2023"]
[Site "Catalonia"]
[Date "2023.03.25"]
[Round "10.4"]
[White "Valenzuela Gomez, Fernando"]
[Black "Gonzalez Garcia, Jose"]
[Result "1/2-1/2"]
[ECO "B45"]
[WhiteElo "2396"]
[BlackElo "2450"]
[Annotator "TA"]
[PlyCount "82"]
[EventDate "2023.01.24"]
[EventType "team-tourn"]
[EventCountry "ESP"]
[SourceTitle "playchess.com"]
[Source "ChessBase"]
[SourceQuality "1"]
[TimeControl "40/5400+30:1800+30"]

1. e4 c5 2. Nf3 e6 3. d4 cxd4 4. Nxd4 Nf6 5. Nc3 Nc6 6. a3 Be7 7. Nxc6 {7.Be3 is the modern continuation. B45: Sicilian Four Knights.} bxc6 8. e5 Nd5 9. Qg4 Kf8 (9... Nxc3 10. Qxg7 Rf8 11. bxc3 $16) 10. Bd2 h5 {[#]} 11. Qg3 $146 ({Predecessor:} 11. Qe4 Rb8 12. b3 f5 13. exf6 Bxf6 14. Qf3 Kg8 15. Rd1 Nxc3 16. Bxc3 d5 17. Be2 {½-½ Caruana,F (2820)-Rapport,R (2763) Paris GCT Blitz 2021 (3)}) 11... Rb8 12. Bd3 Bh4 (12... Rxb2 $15 13. Nxd5 cxd5) 13. Qf3 $11 Bg5 14. Ne4 (14. Bg6 $2 Bxd2+ 15. Kd1 Nf4 16. Bxf7 Bxc3 17. bxc3 d6 18. Qxf4 dxe5+ 19. Qd2 Kxf7 $19) (14. Be3 {simplifies} Nxe3 15. fxe3 f5 16. O-O) 14... Bxd2+ 15. Kxd2 Rxb2 16. Kc1 Rb8 {Threatens to win with ...Qb6.} 17. c4 {[#]} Qa5 18. Bc2 {[#]} ({Reject} 18. cxd5 cxd5 19. Rb1 dxe4 20. Qxe4 Rxb1+ 21. Kxb1 Qxa3 $17) (18. Kc2 Ne7) 18... Ne7 (18... Qb6 $2 19. Rb1 (19. cxd5 Qb2+ 20. Kd2 cxd5 $18) 19... Qc7 20. Rxb8 Qxb8 21. Nd6 $18) 19. Qc3 Qxc3 20. Nxc3 f6 21. f4 Nf5 {White must now prevent ...Ne3.} 22. Bxf5 exf5 23. exf6 gxf6 24. c5 (24. Kc2 $15) 24... Rg8 $17 25. Ra2 Ba6 {Hoping for ...Rb3.} 26. Rd2 Bc4 27. Rxd7 (27. Kc2 $17) 27... Rxg2 28. Rd4 Bb3 {...Rc2+ would be deadly.} 29. Rd2 {Dodges Rc2+} Rxd2 30. Kxd2 $19 {[%mdl 4096] Endgame KRB-KRN} Rd8+ 31. Ke3 Bc2 {Strongly threatening ...Rd3+.} 32. Ne2 Rd3+ 33. Kf2 Rxa3 34. Rc1 Be4 35. Rd1 Rf3+ 36. Ke1 (36. Kg1 $142) 36... Bd3 $2 (36... h4 $19 37. Rd2 Rh3) 37. Nd4 $11 {[%csl LRc6,LRf3] The position is equal.} Rf1+ (37... Rxf4 $2 38. Ne6+ (38. Rxd3 Kf7 $18) 38... Ke8 39. Nxf4 $18) 38. Kd2 Rxd1+ 39. Kxd1 Be4 {aiming for ...h4.} 40. h4 $1 Ke7 41. Kc1 Kd7 {Weighted Error Value: White=0.20 (precise) /Black=0.17 (very precise)} 1/2-1/2

[Event "Lliga Catalana DH 2023"]
[Site "Catalonia"]
[Date "2023.03.25"]
[Round "10.5"]
[White "Iermito, Sebastian"]
[Black "Martinez Fernandez, Adrian"]
[Result "0-1"]
[ECO "C07"]
[WhiteElo "2528"]
[BlackElo "2374"]
[Annotator "TA"]
[PlyCount "106"]
[EventDate "2023.01.24"]
[EventType "team-tourn"]
[EventCountry "ESP"]
[SourceTitle "playchess.com"]
[Source "ChessBase"]
[SourceQuality "1"]
[TimeControl "40/5400+30:1800+30"]

1. e4 e6 2. d4 d5 3. Nd2 c5 4. Ngf3 cxd4 5. Nxd4 Nf6 6. exd5 Qxd5 7. Nb5 {C07: French Tarrasch: 3...c5, 4 Ngf3 and 4 exd5 Qxd5.} Na6 {Dodges Nc7+} 8. Nc3 Qd6 9. Qe2 {White is slightly better.} Bd7 10. a3 Qc7 11. Nc4 {[#]} Bc5 $146 ({Predecessor:} 11... Be7 12. Qe5 O-O 13. Bf4 Ne8 14. O-O-O Rd8 15. Qe3 Qc8 16. Qxa7 Bc5 17. Nb6 Qc6 18. Bxa6 bxa6 {1-0 Abrahamyan,T (2327)-Checa,N (2400) Saint Louis Winter GM 2017 (7)}) 12. Bg5 {With the idea Bxf6.} Bc6 13. O-O-O O-O 14. b4 {[#]} ({White should try} 14. Bxf6 $11 Qf4+ 15. Kb1 Qxf6 16. Ne5) 14... Nxb4 15. axb4 $11 Bxb4 16. Na2 Bc5 17. Bxf6 Qf4+ 18. Rd2 gxf6 19. Qh5 Be7 {This pair of bishops is nice.} 20. g3 Qc7 21. Bd3 f5 22. Rg1 {g4 is the strong threat.} Kh8 {[%mdl 1024] aiming for ...Bd5. Black has compensation.} 23. g4 (23. Re1 $11 {remains equal.}) 23... Rg8 $1 $17 {...Bd5 would be deadly.} (23... Bd5 24. gxf5 (24. Qh6 $2 Bxc4 25. gxf5 Rg8 $19) 24... Bxc4 25. f6 Bxd3 26. fxe7 Qxe7 27. Rxd3 $18 (27. cxd3 Rac8+ 28. Kb1 Qf6 $16)) 24. Rg3 {[#]} (24. Qxf7 $2 Ba3+ 25. Nxa3 Qxf7 $19) 24... Rg5 (24... Bd5 $1 $17 25. gxf5 (25. Rh3 $2 Rg7 $19) 25... Bxc4) 25. Qh6 (25. Qxf7 $2 Ba3+ 26. Nxa3 Qxf7 $19) (25. Qh3 $11 Be4 26. Qf1) 25... Rg6 $15 26. Qh3 b5 (26... Bd5 $5 27. gxf5 exf5 28. Bxf5 Qxc4 29. Bxg6 fxg6 30. Rxg6 Rc8 $15) 27. Nb2 (27. gxf5 $15 Rxg3 28. Qxg3 Qxg3 29. hxg3 bxc4 30. Bxc4) 27... Bg5 $2 (27... Qa5 $19 {and Black stays clearly on top.} 28. Kb1 Qxd2 29. gxf5 Rh6 {[%mdl 64] Skewer}) 28. gxf5 $17 Bxd2+ 29. Kxd2 Qf4+ 30. Kd1 $2 {[%mdl 8192] [#]} (30. Re3 $17 {is more resistant.} Qxf2+ 31. Kc1) 30... Rh6 $1 $19 {[%mdl 64] Skewer} 31. Qg4 Qxg4+ {[%mdl 64] Remove Defender, Deflection} (31... Qxf2 $2 32. Qg7#) 32. Rxg4 Bf3+ (32... Rxh2 33. Ke1 $17) 33. Be2 Bxg4 34. Bxg4 exf5 (34... Rxh2 $2 {perishes.} 35. fxe6 h5 36. Bf3 Rd8+ 37. Nd3 $19) 35. Bxf5 Rf6 36. Be4 Rd8+ 37. Nd3 Rxf2 38. Nc3 a6 39. h3 Rh2 40. Bb7 Rd6 41. Ne4 Rb6 42. Bd5 f5 (42... Rxh3 $2 {is the wrong capture.} 43. Bxf7 a5 44. Bd5 $19) 43. Ng3 Rd6 {Black is clearly winning.} (43... Rxh3 $2 {too greedy.} 44. Nxf5 Rf6 45. Be4 $19) 44. Nf4 Rf2 45. Ngh5 (45. Nge2 $142) 45... b4 {[%cal Bb5b4,Bb4b3,Bb3c2][%mdl 32] White must now prevent ...a5.} 46. Kc1 a5 {[%cal Ba6a5,Ba5a4][%mdl 32] Threatens to win with ...a4.} 47. Kb2 a4 48. Nd3 Rxd5 49. Nxf2 Rd2 50. Nd3 b3 51. Ka3 bxc2 52. Nhf4 {[#]} Rf2 $3 {[%cal Of2f4][%mdl 576] ( -> ...Rxf4!). Deflection, Promotion} 53. Kb2 {[#]} (53. Ne6 Rf3) 53... a3+ $1 {[%mdl 64] Promotion. An entertaining game by Martinez Fernandez.   Weighted Error Value: White=0.62/Black=0.40} 0-1

[Event "Lliga Catalana DH 2023"]
[Site "Catalonia"]
[Date "2023.03.25"]
[Round "10.5"]
[White "Rizouk, Aimen"]
[Black "Garcia Ramos, Daniel"]
[Result "0-1"]
[ECO "B15"]
[WhiteElo "2454"]
[BlackElo "2426"]
[Annotator "TA"]
[PlyCount "56"]
[EventDate "2023.01.24"]
[EventType "team-tourn"]
[EventCountry "ESP"]
[SourceTitle "playchess.com"]
[Source "ChessBase"]
[SourceQuality "1"]
[TimeControl "40/5400+30:1800+30"]

1. e4 c6 2. d4 d5 3. Nc3 dxe4 4. Nxe4 Nf6 5. Nxf6+ exf6 6. Be2 Bd6 {[%emt 0:01:05] B15: Caro-Kann: 3 Nc3: 3...g6 and 3...dxe4 4 Nxe4 Nf6 5 Nxf6+ exf6.} 7. Bf3 O-O 8. Ne2 Re8 {[%emt 0:01:24] The position is equal.} 9. O-O Nd7 10. c4 Nf8 11. c5 Bc7 12. Nc3 {[%emt 0:00:13] [#]} Ne6 $146 ({Predecessor:} 12... Ng6 13. d5 cxd5 14. Nxd5 Ne5 15. Be3 Be6 16. Nxc7 Qxc7 17. Be2 Rad8 18. Qa4 Bd7 19. Qxa7 {0-1 Sumaneev,D (2450)-Silva,K (2160) Titled Tuesday intern op 27th Apr blitz 2021 (5)}) 13. Be3 f5 {[%emt 0:07:08] Threatens to win with ...f4.} 14. d5 cxd5 15. Nxd5 Be5 (15... Bd7 $5 ) 16. Qc1 g5 {[%emt 0:01:40] And now ...g4 would win.} (16... Qh4 17. g3 Qd8 18. Bg2 $14) 17. Rd1 {[%emt 0:04:40] c6 would be deadly.} Bd7 18. g3 {[%emt 0:12:39] [#]} (18. Nb4 $11 Qf6 19. Qc2 (19. Rxd7 Bxb2 20. Qb1 f4 $11)) 18... f4 $1 $15 {[%emt 0:12:59][%mdl 64] Deflection} 19. gxf4 gxf4 20. Nxf4 Qh4 $1 21. Rxd7 Nxf4 22. Bxf4 (22. Bxb7 $2 Ne2+ 23. Kf1 Nxc1 $19) 22... Bxf4 23. Qd1 Rad8 (23... Qxh2+ 24. Kf1 Re5 25. Rd8+ Rxd8 26. Qxd8+ Kg7 27. Qd4 $11) 24. Rxd8 (24. h3 $2 Qxh3 25. Bg2 (25. Rxd8 Bh2+ 26. Kh1 Bg3+ {[%mdl 64] Discovered Attack} 27. Kg1 Qh2+ 28. Kf1 Qxf2#) 25... Qxd7 $19) 24... Rxd8 25. Qe1 $1 Rd2 $40 {[%emt 0:05:21][%mdl 128] Black has some attack.} 26. Rd1 $2 {[%emt 0:02:10][%mdl 8192] [#]} (26. Kf1 $15) 26... Qxh2+ {[%emt 0:00:17] Black mates.} 27. Kf1 Qh3+ ({Inferior is} 27... Rxb2 28. Rd8+ Kg7 29. Rd5 Qh3+ 30. Bg2 $17) 28. Kg1 Bh2+ {[%emt 0:00:07] Weighted Error Value: White=0.41/Black=0.03 (flawless)} (28... Rxb2 $2 29. Rd8+ Kg7 30. Qc3+ f6 31. Rg8+ {[%mdl 64] Decoy} (31. Qxb2 $2 {loses.} Bh2+ 32. Kh1 Be5+ 33. Kg1 Bxb2 $19) 31... Kxg8 32. Bd5+ {[%mdl 64] Discovered Attack} (32. Qxb2 {is a self mate.} Bh2+ 33. Kh1 Be5+ 34. Kg1 Bxb2 35. Bd5+ Kg7 36. Bg2 Qg4 37. c6 bxc6 38. Kh2 Qh4+ 39. Kg1 Bd4 40. a3 Qxf2+ 41. Kh2 Be5+ 42. Kh1 Qe1+) 32... Kg7 33. Qxh3 $18) 0-1